 Dungeon Crawl Stone Soup version 0.23.2-1-ga50397a (webtiles) character file.

Game seed: 15030092983845451412

42 MartialLaw the Skirmisher (level 3, -1/24 HPs)
             Began as a Gargoyle Berserker on Apr 15, 2019.
             Was a Believer of Trog.
             Slain by an iguana (8 damage)
             ... on level 2 of the Dungeon.
             The game lasted 00:02:50 (580 turns).

MartialLaw the Skirmisher (Gargoyle Berserker)       Turns: 580, Time: 00:02:50

Health: -1/24      AC:  6    Str: 21    XL:     3   Next: 54%
Magic:  3/3        EV: 12    Int:  7    God:    Trog [**....]
Gold:   25         SH:  0    Dex:  9    Spells: 2/2 levels left

rFire    . . .     SeeInvis .   a - +0 mace
rCold    . . .     Gourm    .   (no shield)
rNeg     + + .     Faith    .   g - +0 leather armour
rPois    ∞         Spirit   .   (no helmet)
rElec    +         Reflect  .   (no cloak)
rCorr    .         Harm     .   (no gloves)
MR       .....                  (no boots)
Stlth    +.........             (no amulet)
HPRegen  0.08/turn              e - ring of positive energy
MPRegen  0.08/turn              (no ring)

@: no status effects
A: negative energy resistance 1, electricity resistance, unbreathing,
petrification resistance, rot immunity, AC +3
a: Berserk, Trog's Hand, Renounce Religion


You were on level 2 of the Dungeon.
You worshipped Trog.
Trog was pleased with you.
You were not hungry.

You visited 1 branch of the dungeon, and saw 2 of its levels.

You collected 25 gold pieces.

Inventory:

Hand Weapons
 a - a +0 mace (weapon)
Armour
 g - a +0 leather armour (worn)
Jewellery
 e - a ring of positive energy (left hand)
Scrolls
 b - a scroll of amnesia {unknown}
 h - a scroll of teleportation {unknown}
 i - a scroll of remove curse {unknown}
 l - a scroll of identify {unknown}
 m - a scroll of random uselessness {unknown}
Potions
 f - a potion of magic {unknown}
 j - a potion of heal wounds {unknown}
 k - a potion of brilliance {unknown}
Comestibles
 c - a ration
 d - 7 chunks of flesh


   Skills:
 * Level 4.0 Fighting
 + Level 3.4 Maces & Flails
 + Level 2.6 Armour
 + Level 1.9 Dodging


You had 2 spell levels left.
You didn't know any spells.
Your spell library was empty.

Dungeon Overview and Level Annotations

Branches:
Dungeon (2/15)

Altars:


Innate Abilities, Weirdness & Mutations

You are resistant to torment.
Your stone body is resilient. (AC +3)
You are immune to poison.
You resist negative energy. (rN+)
You are resistant to electric shocks. (rElec)
You can survive without breathing.
You are immune to petrification.
You are immune to rotting.


Message History

There is an open door here.
The iguana closely misses you. The iguana closely misses you.
The iguana barely misses you. The iguana misses you. The iguana bites you.
The dart slug barely misses you. The iguana misses you.
The iguana hisses menacingly.
The iguana bites you. The dart slug misses you. The iguana bites you.
The dart slug bites you. The iguana closely misses you. The iguana bites you.
* * * LOW HITPOINT WARNING * * *
The dart slug launches a dart at you. The slug dart misses you.
The iguana barely misses you. The dart slug launches a dart at you.
The slug dart hits you but does no damage.
The iguana bites you!
You die...

##...#.#
##.......###......##
#.........##.......###
+.<.......+...........
#.........##.....#.###
#.......# #.#..##.#
#.....# #.#.....#
#.lw# #.#####.# #@#
#.# #.#
#.######.#####.#
#.#............#
##.........####.#
##....####..# #.#
.#.....####..# #.#
#.........#..# #.#
#.###...##.#..####.#
#.. ##..##.........#


You could see an iguana and a dart slug.

Vanquished Creatures
  An ooze (D:1)
  2 dart slugs (D:1)
  A giant cockroach (D:1)
  2 hobgoblins (D:1)
  6 jackals (D:1)
  5 kobolds (D:1)
  A ball python (D:1)
  5 bats (D:1)
  2 frilled lizards (D:1)
  4 goblins (D:1)
  5 rats (D:1)
34 creatures vanquished.

Notes
Turn   | Place    | Note
-------+----------+-------------------------------------------
     0 | D:1      | MartialLaw the Gargoyle Berserker began the quest for the
                  | Orb.
     0 | D:1      | Reached XP level 1. HP: 14/14 MP: 1/1
    26 | D:1      | Reached XP level 2. HP: 18/19 MP: 2/2
   195 | D:1      | Reached XP level 3. HP: 23/24 MP: 3/3
   387 | D:1      | Reached ** piety under Trog
   394 | D:1      | Reached skill level 4 in Fighting
   580 | D:2      | Slain by an iguana

Skill      XL: |  1  2  3 |
---------------+----------+-----
Fighting       | 4 |  4.0
Maces & Flails | |  3.4
Armour         | |  2.6
Dodging        | |  1.9

Action                   || total
-------------------------++-------
Melee: Mace              ||    91
Invok: Berserk           ||     2
  Eat: Chunk             ||     1
Armor: Animal skin       ||     5
       Leather armour    ||    44
Dodge: Dodged            ||    91
